 Dungeon Crawl Stone Soup version 0.28-a0-850-g09de17f5b5 (webtiles) character file.

Game seed: 17108369458376540747

213 porpoise the Magician (level 5, 0/28 HPs)
             Began as a Deep Elf Conjurer on Nov 13, 2021.
             Was an Initiate of Vehumet.
             Slain by Edmund (15 damage)
             ... on level 5 of the Dungeon.
             The game lasted 00:11:51 (5321 turns).

porpoise the Magician (Deep Elf Conjurer)           Turns: 5321, Time: 00:11:52

Health: 0/28       AC:  2    Str:  4    XL:     5   Next: 59%
Magic:  0/15       EV: 12    Int: 24    God:    Vehumet [......]
Gold:   120        SH:  0    Dex: 13    Spells: 5/16 levels left

rFire   . . .      SeeInvis .   b - +0 hunting sling
rCold   . . .      Faith    .   (no shield)
rNeg    . . .      Spirit   .   x - +0 robe
rPois   .          Reflect  .   (no helmet)
rElec   .          Harm     .   (no cloak)
rCorr   +          Rampage  .   (no gloves)
Will    .....                   (no boots)
Stlth   ++........              (no amulet)
HPRegen 0.09/turn               u - ring of resist corrosion
MPRegen 0.14/turn               (no ring)

@: no status effects
A: no striking features
a: Renounce Religion


You were on level 5 of the Dungeon.
You worshipped Vehumet.
Vehumet was noncommittal.
You visited 2 branches of the dungeon, and saw 6 of its levels.

You collected 159 gold pieces.
You spent 39 gold pieces at shops.

Inventory:

Hand Weapons
 a - a +0 short sword
 b - a +0 hunting sling (weapon)
Missiles
 c - 113 stones
 i - 42 sling bullets (quivered ammo)
 s - 15 poisoned darts
 v - 3 atropa-tipped darts
 w - 6 javelins
Armour
 x - a +0 robe (worn)
Magical Staves
 f - a staff of fire
Jewellery
 u - a ring of resist corrosion (left hand)
Wands
 q - a wand of flame (15)
Scrolls
 d - 3 scrolls of teleportation
 e - a scroll of amnesia
 j - a scroll of fear {unknown}
 r - a scroll of noise {unknown}
Potions
 g - a potion of haste
 k - a potion of attraction
 l - 3 potions of curing
 m - a potion of invisibility
 n - a potion of magic
 o - a potion of heal wounds
 p - 2 potions of might
 t - a potion of flight {unknown}
 z - a potion of lignification {unknown}


   Skills:
 - Level 2.4 Dodging
 - Level 2.4 Stealth
 + Level 6.0 Spellcasting
 - Level 5.3 Conjurations
 + Level 3.4 Hexes


You had 5 spell levels left.
You knew the following spells:

 Your Spells              Type           Power      Damage    Failure   Level
a - Magic Dart            Conj           100%       1d8       1%          1
b - Searing Ray           Conj           64%        2d6       1%          2
c - Fulminant Prism       Conj/Hex       14%        3d9       13%         4
d - Iskenderun's Mystic   Conj/Tloc      20%        2d6       26%         4

Your spell library contained the following spells:

 Spells                   Type           Power      Damage    Failure   Level
 Shock                    Conj/Air       80%        1d8       2%          1
 Dazzling Flash           Conj/Hex       56%        N/A       4%          3
 Animate Skeleton         Necr           14%        N/A       8%          1
 Pain                     Necr           28%        1d5       8%          1
 Blink                    Tloc           14%        N/A       12%         2
 Lesser Beckoning         Tloc           7%         N/A       24%         3
 Swiftness                Air            7%         N/A       24%         3
 Vampiric Draining        Necr           7%         2d6       24%         3
 Airstrike                Air            3%         N/A       61%         4
 Manifold Assault         Tloc           7%         N/A       91%         5


Dungeon Overview and Level Annotations

Branches:
Dungeon (5/15)             Temple (1/1) D:4

Altars:
Cheibriados
Elyvilon
Fedhas
Hepliaklqana
Kikubaaqudgha
Makhleb
Nemelex Xobeh
Okawaru
Qazlal
Ru
Sif Muna
Trog
Uskayaw
Vehumet
Wu Jian
Xom
Yredelemnul
Zin
The Shining One

Shops:
D:4 (

Annotations:
D:5 Edmund


Message History

The searing ray hits Edmund.
Edmund is moderately wounded. (Press . to maintain the ray.)
The searing ray hits Edmund.
Edmund is moderately wounded.
The searing ray hits Edmund.
Edmund is moderately wounded.
Edmund clears his throat.
The searing ray hits Edmund.
Edmund is heavily wounded.
You finish channelling your searing ray.
Edmund hits you with a +3 dire flail of protection!
Casting: Searing Ray (safe; 1% risk of failure)
Confirm with . or Enter, or press ? or * to list all spells.
Aiming: Searing Ray (safe; 1% risk of failure)
Press: ? - help, Shift-Dir - straight line, f/p - Edmund
Aim: Edmund, wielding a +3 dire flail of protection and wearing a +0 chain mail (heavily wounded, 86% to hit)
The searing ray hits Edmund but does no damage.
Edmund is heavily wounded. (Press . to maintain the ray.) Edmund closely misses you.
The searing ray hits Edmund but does no damage.
Edmund is heavily wounded.
Edmund hits you with a +3 dire flail of protection!
The searing ray hits Edmund but does no damage.
Edmund is heavily wounded.
Edmund drinks a potion.
Edmund seems to grow stronger.
The searing ray misses Edmund.
You finish channelling your searing ray.
Edmund closely misses you.
Casting: Searing Ray (safe; 1% risk of failure)
Confirm with . or Enter, or press ? or * to list all spells.
Aiming: Searing Ray (safe; 1% risk of failure)
Press: ? - help, Shift-Dir - straight line, f/p - Edmund
Aim: Edmund, wielding a +3 dire flail of protection and wearing a +0 chain mail (heavily wounded, strong, 86% to hit)
The searing ray misses Edmund. (Press . to maintain the ray.) Edmund hits you with a +3 dire flail of protection!
Ouch! That really hurt!
You die...

### ## #.#
#. ###.# #.
##..@# #.##
#..#@#
##.<###.##.#
#....##.##.#
#.##....##.#
#..
##..###.. #.
#...# ##..
#. #.#.# ...
# #.#.. ...#


You could see Edmund (strong).

Vanquished Creatures
  An iguana (D:4)
  An orc wizard (D:4)
  4 adders
  4 gnolls (D:3)
  A worm (D:2)
  A dart slug (D:3)
  5 orcs
  6 bats
  8 endoplasms
  3 giant cockroaches
  7 goblins
  4 hobgoblins
  6 jackals (D:4)
  5 quokkas
  5 ball pythons
  7 frilled lizards
  5 kobolds
  5 rats
78 creatures vanquished.

Vanquished Creatures (others)
  A fulminant prism (D:5)
1 creature vanquished.

Grand Total: 79 creatures vanquished

Notes
Turn   | Place    | Note
-------+----------+-------------------------------------------
     0 | D:1      | porpoise the Deep Elf Conjurer began the quest for the Orb.
     0 | D:1      | Reached XP level 1. HP: 10/10 MP: 6/6
   328 | D:1      | Reached XP level 2. HP: 15/15 MP: 4/8
   366 | D:1      | Learned a level 2 spell: Searing Ray
  1342 | D:2      | Found a faded altar of an unknown god.
  1362 | D:2      | Reached skill level 4 in Spellcasting
  1391 | D:2      | Reached XP level 3. HP: 19/19 MP: 4/10
  1448 | D:2      | Reached skill level 5 in Conjurations
  2417 | D:3      | Upgraded the game from 0.28-a0-845-gfc338a8e3c to
                  | 0.28-a0-850-g09de17f5b5
  2605 | D:3      | Reached XP level 4. HP: 24/24 MP: 9/12
  2632 | D:3      | Learned a level 4 spell: Fulminant Prism
  2637 | D:3      | Learned a level 4 spell: Iskenderun's Mystic Blast
  2696 | D:3      | Reached skill level 1 in Hexes
  2786 | D:3      | Reached skill level 5 in Spellcasting
  3400 | D:3      | Reached XP level 5. HP: 28/28 MP: 12/14
  3686 | D:4      | Found a staircase to the Ecumenical Temple.
  3810 | Temple   | Entered the Ecumenical Temple
  4010 | Temple   | Became a worshipper of Vehumet
  4631 | D:4      | Reached skill level 6 in Spellcasting
  4785 | D:4      | Found Plog's Antique Weapon Shoppe.
  4793 | D:4      | Bought a hunting sling for 39 gold pieces
  5217 | D:5      | Entered Level 5 of the Dungeon
  5308 | D:5      | Noticed Edmund
  5321 | D:5      | Slain by Edmund

Illustrated notes

Levels and vault maps discovered:
D:1:      eino_arrival_cavern_d, layout_rooms, serial_forest,
          infiniplex_forest_clump_cross, infiniplex_forest_lined_1,
          infiniplex_forest_lined_ring, infiniplex_forest_end_1,
          infiniplex_forest_lined_3, infiniplex_forest_clump_cross,
          infiniplex_forest_end_double, infiniplex_forest_clump_long,
          infiniplex_forest_clump_C, infiniplex_forest_straight_4
D:2:      layout_basic, ebering_ecumenical_altar_sacrificial, minmay_hexomino_c4
D:3:      layout_loops_ring
D:4:      layout_basic, minmay_temple_entry_wispy, serial_shops, shop
D:5:      layout_rooms, uniq_edmund
Temple:   mainiacjoe_temple_hex_bubbles

Skill      XL: |  1  2  3  4  5 |
---------------+----------------+-----
Spellcasting   | 4 5 6 |  6.0
Conjurations   | 5 |  5.3
Hexes          | 2 3 |  3.4
Dodging        | |  2.4
Stealth        | |  2.4

Action                   |  1- 3 |  4- 6 || total
-------------------------+-------+-------++-------
Melee: Unarmed           |     4 |       ||     4
 Cast: Magic Dart        |    66 |    23 ||    89
       Searing Ray       |     4 |    24 ||    28
       Fulminant Prism   |       |     1 ||     1
  Use: Scroll            |       |     9 ||     9
Armor: Robe              |     3 |       ||     3
Dodge: Dodged            |     8 |     7 ||    15

Table legend: (Time is in decaauts)
 A = Elapsed time spent in this place.
 B = Non-inter-level travel time spent in this place.
 C = Inter-level travel time spent in this place.
 D = Time resting spent in this place.
 E = Time spent auto-exploring this place.
 F = Levels seen in this place.
 G = Mean time per level.
                   A        B        C        D        E       F      G
               +--------+--------+--------+--------+--------+-----+--------+
         Total |   5319 |   5118 |    201 |   1710 |   2975 |   6 |  886.5 |
       Dungeon |   5105 |   4917 |    188 |   1710 |   2780 |   5 | 1021.0 |
        Temple |    213 |    200 |     13 |      0 |    195 |   1 |  213.0 |
               +--------+--------+--------+--------+--------+-----+--------+

Top non-repeatable levels by time:
     D:4: 1588 daAuts
     D:2: 1436 daAuts
     D:3: 1023 daAuts
     D:1: 978 daAuts
  Temple: 213 daAuts
     D:5: 78 daAuts
